 Dungeon Crawl Stone Soup version 0.24.0-123-gd5b16e6ec5 (webtiles) character file.

Game seed: 11473892972069582217, levelgen mode: deterministic

172 Emblim88 the Skirmisher (level 5, -3/47 HPs)
             Began as a Hill Orc Abyssal Knight on Jan 5, 2020.
             Was a Believer of Lugonu.
             Killed from afar by a white imp (6 damage)
             ... with a puff of frost
             ... summoned by Natasha
             ... on level 2 of the Dungeon.
             The game lasted 00:03:35 (2714 turns).

Emblim88 the Skirmisher (Hill Orc Abyssal Knight)   Turns: 2714, Time: 00:03:36

Health: -3/47      AC:  3    Str: 16    XL:     5   Next: 53%
Magic:  7/7        EV: 12    Int: 12    God:    Lugonu [**....]
Gold:   108        SH:  0    Dex: 10    Spells: 4/4 levels left

rFire    . . .     SeeInvis .   f - +1 hand axe (flame)
rCold    . . .     Gourm    .   (no shield)
rNeg     . . .     Faith    .   b - +0 leather armour
rPois    .         Spirit   .   (no helmet)
rElec    .         Reflect  .   (no cloak)
rCorr    .         Harm     .   (no gloves)
MR       .....                  (no boots)
Stlth    +.........             (no amulet)
HPRegen  0.15/turn              (no ring)
MPRegen  0.10/turn              (no ring)

@: flying
A: no striking features
a: Depart the Abyss, Bend Space, Renounce Religion


You were on level 2 of the Dungeon.
You worshipped Lugonu.
Lugonu was pleased with you.
You were near starving.

You visited 1 branch of the dungeon, and saw 2 of its levels.
You visited the Abyss 1 time.

You collected 108 gold pieces.

Inventory:

Hand Weapons
 f - a +1 hand axe of flaming (weapon)
Armour
 b - a +0 leather armour (worn)
Wands
 a - a wand of polymorph (2)
Scrolls
 e - a scroll of random uselessness {unknown}
 g - 2 scrolls of identify {unknown}
 h - a scroll of remove curse {unknown}
 i - a scroll of fear {unknown}
 k - a scroll of enchant weapon {unknown}
Potions
 d - a potion of degeneration {unknown}
 j - 2 potions of flight
Comestibles
 c - 3 rations


   Skills:
 + Level 4.6 Fighting
 + Level 4.0 Axes
 + Level 3.2 Armour
 + Level 1.9 Dodging
 + Level 3.8 Invocations


You had 4 spell levels left.
You didn't know any spells.
Your spell library was empty.

Dungeon Overview and Level Annotations

Branches:
Dungeon (2/15)

Altars:

Annotations:
D:2 Natasha


Message History

Natasha casts a spell.
You closely miss Natasha.
Natasha is moderately wounded.
You hit the white imp. You burn the white imp. Natasha claws you.
* * * LOW HITPOINT WARNING * * *
The white imp gestures at you. The puff of frost hits you.
* * * LOW HITPOINT WARNING * * *
You hit Natasha but do no damage.
Natasha is moderately wounded.
You hit the white imp. You burn the white imp. Natasha claws you.
* * * LOW HITPOINT WARNING * * *
The white imp barely misses you. Natasha closely misses you.
You are too injured to fight recklessly!
It was a potion of flight.
You feel very buoyant.
You fly up into the air.
The white imp gestures at you. The puff of frost hits you.
You die...

......###.#..#.............#####
....#...#.##.......##[#.........
......#.#.##...#...##.#..###....
####....#.##.#...#.##)#........#
# ##.....##...##..##.#....... .
# ####.........#..###........# #
#..........#.#.## #.........
.(..###..........####.........
#.. #..(...##5@h............. ..
#......#####...#........ .
#......# #.............
.........................
..#.#............#....#.##
##..........#.....#.##.#.#
.....##...>......#.# .. # ..#.##
......... ..# #..


You could see Natasha and a white imp.

Vanquished Creatures
  Terence (D:2)
  Natasha (twice) (D:2)
  Robin (D:2)
  4 adders (D:2)
  A worm (D:2)
  An orc (D:2)
  A giant cockroach (D:2)
  10 goblins
  12 hobgoblins
  7 bats
  2 frilled lizards
  3 kobolds
  4 rats
49 creatures vanquished.

Notes
Turn   | Place    | Note
-------+----------+-------------------------------------------
     0 | Abyss:1  | Emblim88 the Hill Orc Abyssal Knight began the quest for
                  | the Orb.
     0 | Abyss:1  | Reached XP level 1. HP: 19/19 MP: 2/2
     2 | Abyss:1  | Found a corrupted altar of Lugonu.
    32 | Abyss:1  | Found a corrupted altar of Lugonu.
    32 | Abyss:1  | Noticed a large abomination
    41 | Abyss:1  | Noticed a golden eye
    47 | D:1      | Escaped the Abyss
    94 | D:1      | Reached * piety under Lugonu
   153 | D:1      | Reached XP level 2. HP: 22/27 MP: 3/3
   218 | D:1      | Reached skill level 1 in Dodging
   337 | D:1      | You fall into a shaft and drop 1 floor!
   360 | D:2      | Noticed Terence
   377 | D:2      | Reached XP level 3. HP: 10/33 MP: 5/5
   400 | D:2      | Killed Terence
   401 | D:2      | Reached XP level 4. HP: 5/40 MP: 6/6
   694 | D:2      | Noticed Robin
  1869 | D:2      | Reached ** piety under Lugonu
  1875 | D:2      | Killed Robin
  2342 | D:2      | Noticed Natasha
  2348 | D:2      | Killed Natasha
  2348 | D:2      | Reached XP level 5. HP: 31/47 MP: 7/7
  2670 | D:2      | Noticed Natasha
  2683 | D:2      | Killed Natasha
  2706 | D:2      | Noticed Natasha
  2714 | D:2      | Killed from afar by a white imp

Levels and vault maps discovered:
D:1:      dpeg_arrival_subterranean_lakeside_camping, layout_basic
D:2:      layout_rooms, chequers_ecumenical_altar_simple_redux, uniq_terence,
          uniq_robin, uniq_natasha

Skill      XL: |  1  2  3  4  5 |
---------------+----------------+-----
Dodging        | 1 |  1.9
Axes           | 3 4 |  4.0
Fighting       | 4 |  4.6
Invocations    | 3 |  3.8
Armour         | 3 |  3.2

Action                   |  1- 3 |  4- 6 || total
-------------------------+-------+-------++-------
Melee: Hand axe          |    45 |    97 ||   142
       Unarmed           |    23 |     5 ||    28
Invok: Depart the Abyss  |     1 |       ||     1
  Use: Potion            |     1 |     1 ||     2
 Stab: Confused          |     1 |       ||     1
  Eat: Chunk             |       |     4 ||     4
Armor: Leather armour    |    17 |    20 ||    37
Dodge: Dodged            |    44 |    83 ||   127
